 Dungeon Crawl Stone Soup version 0.19.4-10-g532645f (webtiles) character file.

7412 Ponchio the Destroyer (level 10, 0/50 HPs)
             Began as a Deep Elf Conjurer on Feb 22, 2017.
             Was a Follower of Vehumet.
             Slain by a four-headed hydra (6 damage)
             ... on level 1 of the Lair of Beasts.
             The game lasted 01:33:47 (13858 turns).

Ponchio the Destroyer (Deep Elf Conjurer)          Turns: 13858, Time: 01:33:48

Health: 0/50       AC:  3    Str:  8    XL:     10   Next: 92%
Magic:  5/36       EV: 13    Int: 26    God:    Vehumet [*.....]
Gold:   285        SH:  0    Dex: 19    Spells: 5 memorised, 14 levels left

rFire  . . .     SeeInvis .     k - +3 spear of the Moon {speed, +Blink rPois rN+ Dex+4}
rCold  . . .     Gourm    .     a - +0 robe
rNeg   + . .     Faith    .     (no shield)
rPois  +         Spirit   .     (helmet restricted)
rElec  .         Reflect  .     (no cloak)
rCorr  .         Harm     .     M - +0 pair of gloves of Ashenzari's Pride {MR+ Str+5}
MR     +++..                    (no boots)
Stlth  ++........               (no amulet)
                                v - ring of magical power
                                z - ring of protection from magic

@: repel missiles
A: antennae 1, clever 1, weak 1, wild magic 1
a: Renounce Religion, Evoke Blink


You were on level 1 of the Lair of Beasts.
You worshipped Vehumet.
Vehumet was aware of your devotion.
You were near starving.

You visited 3 branches of the dungeon, and saw 10 of its levels.

You collected 545 gold pieces.
You spent 260 gold pieces at shops.

Inventory:

Hand Weapons
 e - a +0 short sword
 k - the +3 spear of the Moon (weapon) {speed, +Blink rPois rN+ Dex+4}
   (You found it on level 5 of the Dungeon)

   Attacks with this weapon are significantly faster.
   It affects your dexterity (+4).
   It protects you from poison.
   It protects you from negative energy.
   It lets you blink.
 n - the +4 dagger "Egg" {pierce, *Contam +Blink rPois Int+5}
   (You found it on level 6 of the Dungeon)

   It inflicts extra damage upon your enemies.
   It affects your intelligence (+5).
   It protects you from poison.
   It lets you blink.
   It causes magical contamination when unequipped.
Armour
 a - a +0 robe (worn)
 i - a +0 pair of gloves
 p - a +1 pair of gloves
 x - a +0 helmet
 M - the +0 pair of gloves of Ashenzari's Pride (worn) {MR+ Str+5}
   (You acquired it on level 8 of the Dungeon)

   It affects your strength (+5).
   It affects your resistance to hostile enchantments.
Magical Staves
 E - an uncursed staff of wizardry
Jewellery
 s - a +3 ring of dexterity
 v - a ring of magical power (right hand)
 z - a ring of protection from magic (left hand)
 F - an uncursed ring of see invisible {unknown}
 J - an uncursed ring of protection from cold {unknown}
Wands
 y - a wand of flame (31/48)
 A - a wand of polymorph (10/24)
 B - a wand of acid (4/15)
 C - a wand of slowing (4/48)
 K - a wand of flame (11/48)
Scrolls
 j - 2 scrolls of remove curse
 G - 2 scrolls of teleportation
 H - a scroll of blinking
 O - a scroll of recharging
Potions
 d - 3 potions of ambrosia
 f - 4 potions of lignification
 g - 3 potions of curing
 h - 3 potions of berserk rage
 l - 3 potions of might
 m - a potion of brilliance
 o - 2 potions of haste {unknown}
 r - a potion of agility {unknown}
 t - a potion of mutation {unknown}
 w - 2 potions of heal wounds
 I - a potion of invisibility {unknown}
Books
 b - a book of Conjurations

   Spells                             Type                      Level
   a - Magic Dart                     Conjuration                  1
   b - Searing Ray                    Conjuration                  2
   c - Dazzling Spray                 Conjuration/Hexes            3
   d - Fulminant Prism                Conjuration/Hexes            4
   e - Iskenderun's Mystic Blast      Conjuration                  4
   f - Iskenderun's Battlesphere      Conjuration/Charms           5
 u - a book of Air

   Spells                             Type                      Level
   a - Shock                          Conjuration/Air              1
   b - Swiftness                      Charms/Air                   2
   c - Repel Missiles                 Charms/Air                   2
   d - Static Discharge               Conjuration/Air              3
   e - Lightning Bolt                 Conjuration/Air              5
 D - a book of Power

   Spells                             Type                      Level
   a - Fulminant Prism                Conjuration/Hexes            4
   b - Iskenderun's Mystic Blast      Conjuration                  4
   c - Venom Bolt                     Conjuration/Poison           5
   d - Bolt of Magma                  Conjuration/Fire/Earth       5
   e - Iron Shot                      Conjuration/Earth            6
   f - Orb of Destruction             Conjuration                  7
   g - Spellforged Servitor           Conjuration/Summoning        7
 L - a Young Poisoner's Handbook

   Spells                             Type                      Level
   a - Sting                          Conjuration/Poison           1
   b - Mephitic Cloud                 Conjuration/Poison/Air       3
   c - Olgreb's Toxic Radiance        Poison                       4
   d - Alistair's Intoxication        Transmutation/Poison         5
   e - Venom Bolt                     Conjuration/Poison           5
 N - a book of Party Tricks

   Spells                             Type                      Level
   a - Summon Butterflies             Summoning                    1
   b - Apportation                    Translocation                1
   c - Lesser Beckoning               Translocation                3
   d - Tukima's Dance                 Hexes                        3
   e - Alistair's Intoxication        Transmutation/Poison         5
   f - Invisibility                   Hexes                        6
Comestibles
 c - 4 bread rations
 q - 4 meat rations


   Skills:
 - Level 2.4 Dodging
 - Level 2.4 Stealth
 - Level 11.4 Spellcasting
 - Level 12.0 Conjurations
 - Level 5.2 Hexes
 - Level 11.6 Charms
 + Level 3.7 Earth Magic


You had 14 spell levels left.
You knew the following spells:

 Your Spells              Type           Power        Failure   Level  Hunger
a - Magic Dart            Conj           ####         1%          1    None
b - Dazzling Spray        Conj/Hex       ######       1%          3    None
c - Iskenderun's Battles  Conj/Chrm      #######.     1%          5    ###....
d - Repel Missiles        Chrm/Air       ######       1%          2    None
e - Iron Shot             Conj/Erth      ######....   36%         6    #####..


Dungeon Overview and Level Annotations

Branches:
Dungeon (8/15)             Temple (1/1) D:4            Lair (1/6) D:8

Altars:
Ashenzari
Dithmenos
Elyvilon
Fedhas
Gozag
Kikubaaqudgha
Makhleb
Nemelex Xobeh
Okawaru
Qazlal
Ru
Sif Muna
Trog
Uskayaw
Vehumet
Xom
Yredelemnul
Zin

Shops:
D:5 ([=}?


Innate Abilities, Weirdness & Mutations

You have a pair of small antennae on your head.
Your mind is acute. (Int +2)
You are weak. (Str -2)
Your spells are a little harder to cast, but a little more powerful.


Message History

Press: ? - help, Shift-Dir - straight line, f/p - four-headed hydra
Aim: a four-headed hydra (heavily wounded)
The spray of energy hits the four-headed hydra.
The four-headed hydra is severely wounded.
Your battlesphere fires!
The barrage of energy hits the four-headed hydra.
The four-headed hydra is almost dead.
Your battlesphere expends the last of its energy and dissipates.
The yak closely misses you.
The four-headed hydra closely misses you.
The four-headed hydra misses you. The four-headed hydra bites you!
The four-headed hydra misses you.
Casting: Dazzling Spray
Confirm with . or Enter, or press ? or * to list all spells.
You conjure a globe of magical energy.
The yak closely misses you. The four-headed hydra bites you!
The four-headed hydra bites you. The four-headed hydra bites you!
* * * LOW HITPOINT WARNING * * *
The four-headed hydra bites you.
You die...

.....................#
.....................##
......................#
....................##
##.#...P############
#....## # ##..###
....#...#.##
....§..@Y..#
.......D†*.....
...............
...........†...
...............
...............
.............†.
...............


You could see a four-headed hydra, a yak and a friendly battlesphere.

Vanquished Creatures
  A hill giant (D:8)
  A komodo dragon (Lair:1)
  A hippogriff (D:8)
  A spriggan (D:7)
  6 humans (D:7)
  11 yaks
  Eustachio (D:4)
  3 hungry ghosts
  2 ice beasts
  A sky beast (D:3)
  2 phantoms
  A necrophage (D:8)
  3 ogres
  An eye of draining (D:8)
  7 centaurs
  A bullfrog (D:7)
  2 gnoll sergeants
  2 scorpions
  4 crimson imps
  A quasit (D:7)
  A bullfrog skeleton (D:6)
  7 hounds
  7 orc wizards
  2 gnoll shamans
  Ijyb (D:7)
  An iguana (D:4)
  6 worker ants
  A hound zombie (D:8)
  2 hound skeletons
  61 gnolls
  5 adders
  A shadow imp (D:5)
  3 oozes
  An adder zombie (D:5)
  An adder skeleton (D:4)
  A worm (D:2)
  A dart slug (D:3)
  7 leopard geckos
  27 orcs
  2 giant cockroaches
  5 goblins
  7 hobgoblins
  21 jackals
  4 kobolds
  7 quokkas
  2 ball pythons (D:1)
  9 bats
  7 frilled lizards
  2 leopard gecko skeletons
  4 rats
258 creatures vanquished.

Notes
Turn   | Place    | Note
-------+----------+-------------------------------------------
     0 | D:1      | Ponchio the Deep Elf Conjurer began the quest for the Orb.
     0 | D:1      | Reached XP level 1. HP: 10/10 MP: 6/6
   318 | D:1      | Reached XP level 2. HP: 15/15 MP: 6/8
   329 | D:1      | Reached skill level 5 in Conjurations
   684 | D:1      | Reached XP level 3. HP: 19/19 MP: 3/9
  1349 | D:2      | Learned a level 3 spell: Dazzling Spray
  1401 | D:2      | Found a basalt altar of Yredelemnul.
  1420 | D:2      | Reached skill level 1 in Hexes
  1632 | D:2      | Reached XP level 4. HP: 24/24 MP: 8/11
  2614 | D:3      | Reached XP level 5. HP: 13/28 MP: 0/14
  3081 | D:3      | Noticed a sky beast
  3636 | D:3      | Killed a sky beast
  3636 | D:3      | Reached skill level 5 in Spellcasting
  3642 | D:3      | Gained mutation: You evolve. [mutagenic meat]
  3643 | D:3      | Gained mutation: Your spells are a little harder to cast, but a little more powerful. [mutagenic meat]
  3644 | D:3      | Gained mutation: Your mind is acute. (Int +2) [mutagenic meat]
  3928 | D:4      | Reached XP level 6. HP: 32/32 MP: 12/16
  4042 | D:4      | Found an ancient bone altar of Kikubaaqudgha.
  4515 | D:4      | Upgraded the game from 0.19.4-9-g45fd643 to 0.19.4-10-g532645f
  4591 | D:4      | Reached skill level 5 in Hexes
  4766 | D:4      | Learned a level 5 spell: Iskenderun's Battlesphere
  4985 | D:4      | Found a staircase to the Ecumenical Temple.
  4999 | Temple   | Entered the Ecumenical Temple
  5006 | Temple   | Gained mutation: You have a pair of small antennae on your head. [evolution]
  5006 | Temple   | Lost mutation: You evolve. [end of evolution]
  5293 | D:5      | Entered Level 5 of the Dungeon
  5313 | D:5      | Found Vuatuoss's Gadget Shop.
  5381 | D:5      | Found Nyulolof's Magic Scroll Boutique.
  5382 | D:5      | Reached XP level 7. HP: 36/36 MP: 12/19
  5741 | D:5      | Found Lyoparuiff's Armour Emporium.
  5746 | D:5      | Found Othryrche's Antique Weapon Boutique.
  5804 | D:5      | Found a glowing silver altar of Zin.
  5805 | D:5      | Noticed Eustachio
  6388 | D:5      | Found Jiuniamm's Jewellery Boutique.
  6442 | D:5      | Got a polished spear
  6443 | D:5      | Identified the +3 spear of the Moon {speed, +Blink rPois rN+ Dex+4} (You found it on level 5 of the Dungeon)
  6774 | D:5      | Reached skill level 5 in Charms
  6984 | D:5      | Reached skill level 6 in Conjurations
  7202 | D:4      | Reached XP level 8. HP: 41/41 MP: 13/22
  8095 | D:5      | Reached skill level 7 in Conjurations
  9159 | D:5      | Learned a level 2 spell: Repel Missiles
  9241 | D:5      | Reached skill level 8 in Conjurations
  9387 | D:4      | Killed Eustachio
  9387 | D:4      | Reached XP level 9. HP: 43/45 MP: 9/23
  9700 | D:5      | Bought an uncursed ring of magical power for 260 gold pieces
  9910 | D:6      | Got a translucent dagger
  9932 | D:6      | Identified the +4 dagger "Egg" {pierce, *Contam +Blink rPois Int+5} (You found it on level 6 of the Dungeon)
  9954 | D:6      | Gained mutation: You are weak. (Str -2) [mutagenic glow]
 10042 | D:6      | Found a blossoming altar of Fedhas.
 10210 | D:6      | Reached skill level 9 in Conjurations
 10624 | D:6      | Found a radiant altar of Vehumet.
 10628 | D:6      | Became a worshipper of Vehumet
 10910 | D:7      | Found a large runed door.
 10917 | D:7      | Found a large runed door.
 11553 | D:7      | Found a runed door.
 11593 | D:7      | Reached skill level 10 in Charms
 11595 | D:7      | Noticed Ijyb
 11613 | D:7      | Reached skill level 10 in Spellcasting
 11613 | D:7      | Reached skill level 10 in Conjurations
 11794 | D:7      | Reached XP level 10. HP: 50/50 MP: 18/26
 12224 | D:7      | Killed Ijyb
 12229 | D:7      | Reached skill level 11 in Conjurations
 12308 | D:7      | Found a runed door.
 12581 | D:8      | Found a staircase to the Lair.
 12666 | D:8      | Reached * piety under Vehumet
 12666 | D:8      | Offered knowledge of Sting by Vehumet.
 12729 | D:8      | Noticed a hill giant
 12734 | D:8      | Killed a hill giant
 13176 | D:8      | Found a hide-covered altar of Uskayaw.
 13178 | D:8      | Found a shadowy altar of Dithmenos.
 13191 | D:8      | Identified 3 scrolls of acquirement
 13192 | D:8      | Got a pair of smoking gloves
 13203 | D:8      | Identified the +0 pair of gloves of Ashenzari's Pride {MR+ Str+5} (You acquired it on level 8 of the Dungeon)
 13754 | Lair:1   | Entered Level 1 of the Lair of Beasts
 13758 | Lair:1   | Reached skill level 12 in Conjurations
 13768 | D:8      | Learned a level 6 spell: Iron Shot
 13843 | Lair:1   | Reached skill level 1 in Earth Magic
 13850 | Lair:1   | Noticed a four-headed hydra
 13858 | Lair:1   | Slain by a four-headed hydra

Skill      XL: |  1  2  3  4  5  6  7  8  9 10 |
---------------+-------------------------------+-----
Conjurations   | 5 6 8 10 12 | 12.0
Hexes          | 1 2 4 5 |  5.2
Spellcasting   | 4 5 6 8 10 11 | 11.4
Charms         | 2 5 8 10 11 | 11.6
Earth Magic    | 3 |  3.7
Dodging        | |  2.4
Stealth        | |  2.4

Action                   |  1- 3 |  4- 6 |  7- 9 | 10-12 || total
-------------------------+-------+-------+-------+-------++-------
Melee: Short sword       |    13 |     8 |     1 |       ||    22
       Spear             |       |       |    68 |    34 ||   102
 Cast: Magic Dart        |    64 |   118 |   258 |    74 ||   514
       Dazzling Spray    |       |    33 |   113 |    27 ||   173
       Iskenderun's Batt |       |       |    13 |    16 ||    29
       Repel Missiles    |       |       |     3 |       ||     3
  Use: Scroll            |       |    10 |     9 |     3 ||    22
       Potion            |       |       |       |     1 ||     1
 Stab: Invisible         |       |     1 |       |       ||     1
  Eat: Chunk             |     2 |    12 |    15 |     3 ||    32
       Pizza             |       |     1 |       |     1 ||     2
       Bread ration      |       |       |     2 |       ||     2
       Beef jerky        |       |       |     1 |     1 ||     2
Armor: Robe              |     4 |     2 |     8 |     3 ||    17
Dodge: Dodged            |     4 |    38 |    57 |    25 ||   124
       Deflected         |       |       |     9 |       ||     9
